 Dungeon Crawl Stone Soup version 0.24-a0-459-g225fefd530 (webtiles) character file.

Game seed: 5074272706086694200

1992 Peloso the Protected (level 9, -4/75 HPs)
             Began as a Minotaur Fighter on June 30, 2019.
             Was a Follower of Okawaru.
             Slain by an orc warrior
             ... wielding a +0 trident
              (8 damage)
             ... on level 6 of the Dungeon.
             The game lasted 00:11:59 (5950 turns).

Peloso the Protected (Minotaur Fighter)             Turns: 5950, Time: 00:12:00

Health: -4/75      AC: 13    Str: 23    XL:     9   Next: 1%
Magic:  8/8        EV:  7    Int:  5    God:    Okawaru [*.....]
Gold:   103        SH: 11    Dex: 11    Spells: 8/8 levels left

rFire    . . .     SeeInvis .   a - +0 long sword
rCold    . . .     Gourm    .   c - +0 shield
rNeg     . . .     Faith    .   A - +0 plate armour
rPois    .         Spirit   .   (helmet restricted)
rElec    .         Reflect  .   (no cloak)
rCorr    .         Harm     .   (no gloves)
MR       .....                  (no boots)
Stlth    ..........             (no amulet)
HPRegen  0.22/turn              u - ring of wizardry
MPRegen  0.11/turn              (no ring)

@: no status effects
A: retaliatory headbutt, horns 2
a: Heroism, Renounce Religion


You were on level 6 of the Dungeon.
You worshipped Okawaru.
Okawaru was aware of your devotion.
You were not hungry.

You visited 2 branches of the dungeon, and saw 7 of its levels.

You collected 299 gold pieces.
You spent 196 gold pieces at shops.

Inventory:

Hand Weapons
 a - a +0 long sword (weapon)
Missiles
 v - 40 bolts
Armour
 b - a +0 scale mail
 c - a +0 shield (worn)
 e - a +0 chain mail
 A - a +0 plate armour (worn)
Jewellery
 u - a ring of wizardry (left hand)
Wands
 d - a wand of random effects (4)
 o - a wand of clouds (3)
 y - a wand of flame (23)
Scrolls
 h - a scroll of identify
 i - a scroll of noise {unknown}
 j - 2 scrolls of enchant weapon {unknown}
 k - 2 scrolls of teleportation
 n - a scroll of enchant armour {unknown}
 q - 3 scrolls of magic mapping
 s - 7 scrolls of remove curse
 t - 6 scrolls of fog
 w - a scroll of amnesia {unknown}
 x - a scroll of random uselessness {unknown}
Potions
 g - a potion of ambrosia
 l - a potion of cancellation
 m - 2 potions of brilliance
 p - 2 potions of haste {unknown}
 r - 3 potions of flight {unknown}
 z - a potion of invisibility {unknown}
 B - 2 potions of mutation {unknown}
 D - 2 potions of lignification {unknown}
Comestibles
 f - 6 rations


   Skills:
 + Level 6.0 Fighting
 + Level 7.8 Long Blades
 + Level 8.1 Armour
 + Level 3.4 Dodging
 + Level 0.1 Stealth
 + Level 7.9 Shields
 + Level 0.1 Invocations


You had 8 spell levels left.
You didn't know any spells.
Your spell library contained the following spells:

 Spells                   Type           Power        Failure   Level  Hunger
 Magic Dart               Conj           #...         99%         1    ##.....
 Blink                    Tloc           N/A          100%        2    ###....
 Call Imp                 Summ           #.......     100%        2    ###....
 Shroud of Golubria       Chrm/Tloc      #.....       100%        2    ###....
 Slow                     Hex            #.......     100%        2    ###....
 Conjure Flame            Conj/Fire      #.......     100%        3    ####...
 Mephitic Cloud           Conj/Pois/Air  #.......     100%        3    ####...
 Deflect Missiles         Chrm/Air       #.........   100%        6    #######


Dungeon Overview and Level Annotations

Branches:
Dungeon (6/15)             Temple (1/1) D:4

Altars:
Ashenzari
Cheibriados
Elyvilon
Gozag
Hepliaklqana
Nemelex Xobeh
Okawaru
Qazlal
Ru
Sif Muna
Xom
Yredelemnul
Zin
The Shining One

Shops:
D:6 ?


Innate Abilities, Weirdness & Mutations

You reflexively headbutt those who attack you in melee.
You have a pair of horns on your head.


Message History

You block the orc warrior's attack.
The orc wizard hits you but does no damage.
The orc priest invokes the aid of Beogh against you.
Beogh smites you! The orc hits you but does no damage.
Unknown command.
You hit the orc priest.
The orc priest is lightly wounded.
The orc warrior hits you with a +0 trident!
* * * LOW HITPOINT WARNING * * *
You block the orc wizard's attack.
The orc priest invokes the aid of Beogh against you.
Pain shoots through your body!
* * * LOW HITPOINT WARNING * * *
The orc hits you.
* * * LOW HITPOINT WARNING * * *
You closely miss the orc priest. You headbutt the orc priest.
The orc priest is heavily wounded.
The orc wizard hits you but does no damage.
The orc warrior hits you with a +0 trident!
You die...

..... #.. #..#
#'###+#..... .....
#..##..###.#...))).##
.....
#..........#.......#
.....
#..........#.......#
#..........#.......#
#..........+.......#
#..........#.......#
...#####o###'##.......#
#.....o@o........######
#.....o.o........#
.................#
....!............#
#################.. ...
..


You could see an orc warrior, 2 orc priests, an orc wizard and an orc.

Vanquished Creatures
  Grinder (D:3)
  Eustachio (D:4)
  2 orc warriors (D:6)
  An ice beast (D:6)
  A sky beast (D:6)
  A black bear (D:6)
  A centaur (D:6)
  Blork the orc (D:5)
  4 killer bees
  A crimson imp (D:4)
  A bullfrog zombie (D:3)
  3 orc priests
  3 hounds (D:5)
  A jelly (D:5)
  2 bullfrog skeletons
  Ijyb (D:3)
  Terence (D:3)
  An iguana (D:4)
  Natasha (D:3)
  3 orc wizards
  4 worker ants
  A worker ant zombie (D:5)
  4 gnolls (D:3)
  7 adders
  A shadow imp (D:6)
  A white imp (D:4)
  2 oozes
  4 worms
  2 dart slugs
  3 leopard geckos
  20 orcs
  6 giant cockroaches
  7 goblins
  6 hobgoblins
  3 jackals (D:4)
  3 quokkas
  5 ball pythons
  5 bats
  9 frilled lizards
  A jackal skeleton (D:6)
  2 jackal zombies
  8 kobolds
  A leopard gecko skeleton (D:5)
  8 rats
144 creatures vanquished.

Notes
Turn   | Place    | Note
-------+----------+-------------------------------------------
     0 | D:1      | Peloso the Minotaur Fighter began the quest for the Orb.
     0 | D:1      | Reached XP level 1. HP: 19/19 MP: 0/0
   250 | D:1      | Reached XP level 2. HP: 21/27 MP: 1/1
   384 | D:1      | Reached skill level 4 in Armour
   595 | D:1      | Reached XP level 3. HP: 33/33 MP: 2/2
  1030 | D:2      | Reached XP level 4. HP: 26/40 MP: 3/3
  1623 | D:3      | Noticed Grinder
  1629 | D:3      | Paralysed by Grinder for 6 turns
  1635 | D:3      | Killed Grinder
  1635 | D:3      | Reached skill level 5 in Armour
  1635 | D:3      | Reached skill level 5 in Shields
  1635 | D:3      | Reached XP level 5. HP: 8/47 MP: 4/4
  1635 | D:3      | Reached XP level 6. HP: 9/53 MP: 5/5
  1937 | D:3      | Reached skill level 1 in Dodging
  1950 | D:3      | Noticed Terence
  1965 | D:3      | Killed Terence
  1986 | D:3      | Reached skill level 5 in Long Blades
  2127 | D:3      | Noticed Ijyb
  2153 | D:3      | Killed Ijyb
  2269 | D:3      | Noticed Natasha
  2273 | D:3      | Killed Natasha
  2378 | D:3      | Reached XP level 7. HP: 54/60 MP: 6/6
  2580 | D:4      | Noticed Eustachio
  2597 | D:4      | Killed Eustachio
  2812 | D:4      | Found a staircase to the Ecumenical Temple.
  3114 | D:4      | Reached skill level 6 in Armour
  3284 | Temple   | Entered the Ecumenical Temple
  3306 | Temple   | Became a worshipper of Warmaster Okawaru
  3617 | D:5      | Entered Level 5 of the Dungeon
  3643 | D:5      | Noticed Blork the orc
  3654 | D:5      | Killed Blork the orc
  3673 | D:5      | Reached XP level 8. HP: 7/67 MP: 7/7
  4148 | D:5      | Reached skill level 5 in Fighting
  4459 | D:5      | Reached * piety under Okawaru
  4459 | D:5      | Reached skill level 7 in Armour
  5308 | D:6      | Found Yhagacir's Magic Scroll Emporium.
  5311 | D:6      | Bought a scroll of identify for 28 gold pieces
  5311 | D:6      | Bought a scroll of magic mapping for 49 gold pieces
  5311 | D:6      | Bought a scroll of fog for 28 gold pieces
  5311 | D:6      | Bought a scroll of magic mapping for 49 gold pieces
  5311 | D:6      | Bought a scroll of remove curse for 42 gold pieces
  5330 | D:6      | Identified the Collected Works on Boosts
  5815 | D:6      | Reached skill level 8 in Armour
  5934 | D:6      | Reached XP level 9. HP: 63/75 MP: 8/8
  5950 | D:6      | Slain by an orc warrior

Levels and vault maps discovered:
D:1:      dpeg_arrival_simpleton_a, layout_loops_corners
D:2:      layout_basic, bh_walls_and_bars
D:3:      layout_basic, uniq_ijyb, uniq_terence, uniq_natasha, uniq_grinder
D:4:      layout_loops_ring, lemuel_temple_firewalk_a, minmay_fire_ice_demons,
          uniq_eustachio
D:5:      layout_basic, first_ration, hangedman_decor_lopped, uniq_blork_the_orc
D:6:      layout_gridville, makhleb_altar_promises_db, serial_shops,
          nicolae_shop_behind_doors
Temple:   grunt_wide_crystal_templ

Skill      XL: |  1  2  3  4  5  6  7  8 |
---------------+-------------------------+-----
Fighting       | 4 6 |  6.0
Shields        | 4 5 6 7 |  7.9
Armour         | 4 5 6 8 |  8.1
Long Blades    | 3 4 5 6 7 |  7.8
Dodging        | 1 2 3 |  3.4
Stealth        | |  0.1
Invocations    | |  0.1

Action                   |  1- 3 |  4- 6 |  7- 9 || total
-------------------------+-------+-------+-------++-------
Melee: Long sword        |    95 |   117 |   314 ||   526
       Headbutt          |     9 |    19 |    55 ||    83
Throw: Boomerang         |       |       |     3 ||     3
Invok: Heroism           |       |       |     1 ||     1
  Use: Potion            |       |     1 |     1 ||     2
       Scroll            |       |     1 |     3 ||     4
  Eat: Chunk             |       |     5 |     9 ||    14
       Ration            |       |       |     1 ||     1
Armor: Scale mail        |     8 |       |       ||     8
       Chain mail        |    34 |    53 |   154 ||   241
       Plate armour      |       |       |    16 ||    16
Dodge: Dodged            |    17 |    21 |    90 ||   128
Block: Shield            |    63 |    35 |   228 ||   326
       Rpst.: Long sword |     9 |     5 |    25 ||    39

Table legend:
 A = Non-vault XP
 B = Vault XP
 C = Vault XP percentage of total XP
 D = Non-vault monster count
 E = Vault monster count
 F = Vault count percentage of total count
                 A         B        C        D         E       F
            +---------+---------+-------+---------+---------+-------
      Total |    2103 |     744 |  26.1 |     136 |       8 |   5.6
            +---------+---------+-------+---------+---------+-------
        D:1 |      47 |       0 |   0.0 |      25 |       0 |   0.0
        D:2 |      70 |       0 |   0.0 |      22 |       0 |   0.0
        D:3 |     234 |     393 |  62.7 |      23 |       4 |  14.8
        D:4 |     194 |     252 |  56.5 |      19 |       3 |  13.6
        D:5 |     603 |      99 |  14.1 |      29 |       1 |   3.3
        D:6 |     955 |       0 |   0.0 |      18 |       0 |   0.0
            +---------+---------+-------+---------+---------+-------
